 Dungeon Crawl Stone Soup version 0.24-a0-497-g5a03d68f59 (webtiles) character file.

Game seed: 11549092561552348039

128662 KristoblXynda the Carver (level 16, -34/128 HPs)
             Began as a Green Draconian Gladiator on July 13, 2019.
             Was the Champion of Ashenzari.
             Killed from afar by a nagaraja (47 damage)
             ... with an orb of energy
             ... on level 3 of the Snake Pit.
             The game lasted 01:31:49 (46263 turns).

KristoblXynda the Carver (DrGl)                    Turns: 46263, Time: 01:31:49

Health: -34/128    AC: 12    Str: 16    XL:     16   Next: 48%
Magic:  25/30      EV: 19    Int: 14    God:    Ashenzari [******]
Gold:   1959       SH: 11    Dex: 15    Spells: 23/35 levels left

rFire    + . .     SeeInvis +   G - +4 scimitar (freeze)
rCold    + + +     Gourm    .   A - +0 buckler (curse)
rNeg     . . .     Faith    .   (armour unavailable)
rPois    +         Spirit   .   b - +1 hat (curse)
rElec    +         Reflect  +   z - scarf {rC+ rF+}
rCorr    .         Harm     .   y - +1 pair of gloves (curse)
MR       ++...     Clarity  +   (no boots)
Stlth    ++........             S - +4 amulet of reflection (curse)
HPRegen  0.31/turn              U - ring "Miuratteem" {+Fly rElec rC+ Stlth+} (curse)
MPRegen  0.22/turn              E - ring of Jysecras {rC+ MR+}

@: lethally poisoned (-34 -> -40)
A: breathe noxious fumes, unfitting armour, stinger 1, poison resistance,
cold-blooded, AC +9
a: Breathe Noxious Fumes, Curse Item, Scrying, Transfer Knowledge, Renounce
Religion, Evoke Flight


You were on level 3 of the Snake Pit.
You worshipped Ashenzari.
Ashenzari was exalted by your worship.
You were not hungry.

You visited 7 branches of the dungeon, and saw 29 of its levels.
You also visited: Sewer and Ice Cave.

You collected 3663 gold pieces.
You spent 1704 gold pieces at shops.

Inventory:

Hand Weapons
 G - a +4 scimitar of freezing (weapon)
Missiles
 c - 6 throwing nets (quivered)
Armour
 b - a cursed +1 hat (worn)
 y - a cursed +1 pair of gloves (worn)
 z - a scarf of resistance (worn)
 A - a cursed +0 buckler (worn)
Jewellery
 E - the ring of Jysecras (right hand) {rC+ MR+}
   (You bought it in a shop on level 1 of the Orcish Mines)

   [ring of protection from magic]

   It protects you from cold.
   It affects your resistance to hostile enchantments.
 S - a cursed +4 amulet of reflection (around neck)
 U - the cursed ring "Miuratteem" (left hand) {+Fly rElec rC+ Stlth+}
   (You found it on level 15 of the Dungeon)

   [ring of flight]

   It protects you from cold.
   It insulates you from electricity.
   It lets you fly.
   It makes you more stealthy.
   It has a curse placed upon it.
Wands
 w - a wand of iceblast (5)
 B - a wand of scattershot (5)
 D - a wand of acid (15)
Scrolls
 e - 25 scrolls of identify
 f - 9 scrolls of teleportation
 h - 4 scrolls of fear
 i - 2 scrolls of immolation
 m - 7 scrolls of remove curse
 r - 7 scrolls of amnesia
 u - 2 scrolls of vulnerability
 x - 2 scrolls of holy word
 L - 5 scrolls of magic mapping
 N - 3 scrolls of enchant weapon
 P - 4 scrolls of fog
 Q - 2 scrolls of silence
Potions
 g - 3 potions of haste
 j - 3 potions of agility
 k - a potion of brilliance
 l - a potion of invisibility
 n - 9 potions of curing
 o - 7 potions of flight
 p - a potion of heal wounds
 q - 4 potions of might
 v - a potion of magic
 C - a potion of resistance
 F - 3 potions of ambrosia
 H - 3 potions of cancellation
 T - a potion of berserk rage
 V - a potion of mutation
Miscellaneous
 a - a fan of gales
 M - a lightning rod (4/4)
 O - a box of beasts
Comestibles
 d - 16 rations


   Skills:
 + Level 8.1 Fighting
 - Level 14.0 Long Blades
 - Level 2.0 Throwing
 - Level 10.1 Dodging
 - Level 7.3(10.4) Shields
 - Level 10.0 Spellcasting
 - Level 8.0(11.0) Conjurations
 + Level 6.2(9.3) Hexes
 + Level 9.9(12.7) Transmutations
 + Level 9.4(12.2) Earth Magic
 - Level 6.0(9.1) Poison Magic
 - Level 10.1(12.9) Evocations


You had 23 spell levels left.
You knew the following spells:

 Your Spells              Type           Power        Failure   Level  Hunger
a - Mephitic Cloud        Conj/Pois/Air  ####....     1%          3    #......
b - Statue Form           Tmut/Erth      #####....    10%         6    ######.
c - Tukima's Dance        Hex            ####....     1%          3    #......

Your spell library contained the following spells:

 Spells                   Type           Power        Failure   Level  Hunger
 Confusing Touch          Hex            ####..       1%          1    None
 Magic Dart               Conj           ####         1%          1    None
 Slow                     Hex            ####....     1%          2    None
 Throw Frost              Conj/Ice       ###...       1%          2    None
 Leda's Liquefaction      Hex/Erth       #####.....   1%          4    ###....
 Poisonous Vapours        Pois/Air       ###...       2%          2    None
 Conjure Flame            Conj/Fire      ###.....     3%          3    #......
 Alistair's Intoxication  Tmut/Pois      #####...     3%          5    #####..
 Animate Skeleton         Necr           N/A          9%          1    None
 Apportation              Tloc           #.....       9%          1    None
 Freeze                   Ice            #...         9%          1    None
 Summon Butterflies       Summ           #.......     9%          1    None
 Summon Small Mammal      Summ           #...         9%          1    None
 Throw Icicle             Conj/Ice       ###.....     10%         4    ###....
 Bolt of Magma            Conj/Fire/Erth ####......   11%         5    #####..
 Blink                    Tloc           N/A          13%         2    None
 Call Imp                 Summ           #.......     13%         2    None
 Iron Shot                Conj/Erth      #####.....   13%         6    ######.
 Lesser Beckoning         Tloc           #.........   26%         3    #......
 Ozocubu's Armour         Chrm/Ice       #.......     26%         3    #......
 Invisibility             Hex            ####....     34%         6    ######.
 Summon Ice Beast         Ice/Summ       #.......     65%         4    ###....
 Freezing Cloud           Conj/Ice/Air   ###.......   97%         6    ######.
 Malign Gateway           Summ/Tloc      #.........   100%        7    #######
 Monstrous Menagerie      Summ           #.........   100%        7    #######
 Ring of Flames           Chrm/Fire      #.........   100%        7    #######
 Summon Greater Demon     Summ           #.........   100%        7    #######
 Summon Horrible Things   Summ           #.........   100%        8    #######
 Shatter                  Erth           #####.....   100%        9    #######


Dungeon Overview and Level Annotations

Branches:
Dungeon (15/15)            Temple (1/1) D:7            Lair (6/6) D:11
  Swamp (0/4) Lair:3        Snake (3/4) Lair:2        Slime (0/5) Lair:5
    Orc (2/2) D:9             Elf (1/3) Orc:2        Vaults (0/5) D:13
 Depths (1/5) D:15

Altars:
Ashenzari
Cheibriados
Dithmenos
Elyvilon
Fedhas
Gozag
Hepliaklqana
Kikubaaqudgha
Makhleb
Nemelex Xobeh
Okawaru
Qazlal
Ru
Sif Muna
Trog
Uskayaw
Vehumet
Wu Jian
Xom
Yredelemnul
Zin
The Shining One

Shops:
D:4 *:*[   D:6 =   D:8 (   D:11 !   Orc:1 *   Orc:2 [(}%

Annotations:
D:10 1 runed translucent door, KristoblXynda's ghost, journeyman TrWz
Depths:1 5 runed doors


Innate Abilities, Weirdness & Mutations

You can breathe blasts of noxious fumes.
Your lurid green scales are hard. (AC +9)
You cannot fit into any form of body armour.
Your tail ends in a poisonous barb.
Your system is resistant to poisons. (rPois)
You are cold-blooded and may be slowed by cold attacks.


Message History

You are more poisoned.
Evoke which item? (* to show all) (? for menu, Esc to quit)
Aiming: Iceblast
Press: ? - help, Shift-Dir - straight line, f - naga mage
Aim: a naga mage (severely wounded, fast, poisoned, catching its breath)
The mass of ice explodes!
The iceblast engulfs the naga mage!!
You kill the naga mage!
The iceblast engulfs the nagaraja!!
The nagaraja is moderately wounded.
You feel sick. The nagaraja spits poison at you.
The splash of poison misses you.
The naga sharpshooter mumbles some strange words.
The naga sharpshooter magically shoots an arrow.
You reflect the arrow off an invisible shield around you!
You feel sick.
You feel sick. The nagaraja casts a spell at you. The orb of energy hits you!!!
You die...

#...# #....## * * ,
##).# *#.!..## *
#...## #....## ,
#<...## *#....## *
,,* ##(#..##
#))..#*, * ##)...##
###{N# , ,* ##..†.##
#./##)....#
##.#..###$.#*##...#*
##..@..N.## ....,
##.....## ,...
##....#* .. ,
##.##.# * .,* ##.,.#
* ,* #..#, ,,* #.. *
,,* #.,,, *, * ,*,,
, ,


You could see a nagaraja.

Vanquished Creatures
  Roxanne (D:14)
  Louise (D:14)
  A very ugly thing (D:11)
  Nessos (D:15)
  Snorg (Orc:1)
  Erolcha (D:9)
  2 ogre magi (D:15)
  6 naga warriors
  4 hydras
  An ice dragon (Lair:6)
  7 anacondas
  3 centaur warriors
  A death knight (D:14)
  A two-headed ogre (D:13)
  A dancing weapon (Orc:2)
  2 tengu warriors (D:13)
  A vampire mage (D:15)
  5 death yaks (Lair:6)
  4 orc high priests (Orc:2)
  5 naga sharpshooters
  Urug (D:13)
  A shock serpent (Snake:1)
  Nergalle (D:12)
  Sonja (Orc:2)
  2 skeletal warriors
  A salamander mystic (Snake:2)
  3 unseen horrors
  A lindwurm (Lair:6)
  2 naga ritualists
  A lindwurm (shapeshifter) (D:13)
  2 necromancers
  2 orc knights
  2 phantasmal warriors
  An orange crystal statue (Lair:5)
  A wolf spider zombie (D:15)
  3 mana vipers
  4 oklob plants (Lair:5)
  2 manticores
  A deep elf mage (D:11)
  2 orc sorcerers
  A wolf spider (Lair:6)
  11 ugly things (D:14)
  16 slime creatures
  6 salamanders
  3 ice statues (IceCv)
  32 black mambas
  Maurice (D:9)
  10 naga magi
  Psyche (D:9)
  A frost giant skeleton (D:15)
  10 spiny frogs
  4 guardian serpents
  A centaur skeleton (D:14)
  4 torpor snails (Lair:6)
  A rime drake (Lair:5)
  A spriggan zombie (D:15)
  A spiny frog (shapeshifter) (D:13)
  4 komodo dragons
  2 freezing wraiths
  10 ice devils
  6 trolls
  11 hornets
  4 tyrant leeches (Lair:6)
  A polar bear (Lair:5)
  12 blink frogs
  10 hippogriffs
  12 dream sheep
  An ice dragon zombie (D:15)
  2 water elementals
  3 redbacks (Lair:6)
  A fire dragon skeleton (D:15)
  11 wyverns
  3 wraiths
  A shadow (D:9)
  33 yaks
  2 hungry ghosts
  A human (D:11)
  2 basilisks
  3 hogs (D:11)
  4 vampire mosquitoes
  A steam dragon (D:10)
  A soldier ant (shapeshifter) (D:13)
  23 nagas
  2 soldier ants
  2 insubstantial wisps (Lair:2)
  2 wargs
  An acid dragon (D:13)
  11 porcupines
  20 water moccasins
  5 sky beasts
  27 orc warriors
  A black bear (D:11)
  2 hornet zombies
  2 phantoms
  An ice beast (D:12)
  6 ogres
  7 wolves
  15 crocodiles
  4 centaurs
  4 big kobolds
  11 bullfrogs
  A water moccasin zombie (D:9)
  3 scorpions
  20 killer bees
  12 wights
  2 howler monkeys
  7 electric eels
  7 crimson imps
  2 bullfrog zombies
  5 centaur zombies
  2 draconian simulacra (IceCv)
  17 hounds
  41 orc priests
  4 bullfrog skeletons
  7 jellies
  A gnoll shaman (D:4)
  Terence (D:2)
  2 iguanas
  27 orc wizards
  A troll simulacrum (IceCv)
  A spriggan simulacrum (IceCv)
  10 worker ants
  A killer bee zombie (D:10)
  5 centaur simulacra (IceCv)
  2 hound zombies (D:4)
  4 hound skeletons
  2 worker ant zombies (D:4)
  4 gnolls (D:4)
  16 adders
  An ogre simulacrum (IceCv)
  3 shadow imps
  2 oozes
  2 adder skeletons
  3 adder zombies
  4 worms
  3 dart slugs
  5 leopard geckos
  113 orcs
  10 giant cockroaches
  8 goblins
  6 hobgoblins
  9 jackals
  30 kobolds
  6 quokkas
  8 ball pythons
  4 bats
  7 frilled lizards
  A giant cockroach zombie (D:4)
  2 jackal zombies
  A quokka skeleton (D:5)
  5 rats
  11 plants
925 creatures vanquished.

Vanquished Creatures (collateral kills)
  2 naga magi (Snake:2)
  A torpor snail (Lair:6)
  3 nagas
  2 killer bees (D:9)
8 creatures vanquished.

Vanquished Creatures (others)
  Nikola (Snake:2)
  A stone giant (Orc:1)
  An anaconda (Snake:2)
  A naga sharpshooter (Snake:2)
  A naga ritualist (Snake:2)
  A wraith (D:15)
  10 dancing weapons
  A naga (Snake:3)
  An orc wizard (D:5)
  2 orcs
  2 bushes
  46 fungi
  69 plants
137 creatures vanquished.

Grand Total: 1070 creatures vanquished

Notes
Turn   | Place    | Note
-------+----------+-------------------------------------------
     0 | D:1      | KristoblXynda the Draconian Gladiator began the quest for
                  | the Orb.
     0 | D:1      | Reached XP level 1. HP: 17/17 MP: 1/1
   233 | D:1      | Reached XP level 2. HP: 22/24 MP: 2/2
   818 | D:2      | Reached XP level 3. HP: 28/30 MP: 3/3
   824 | D:2      | Found a hide-covered altar of Uskayaw.
   885 | D:2      | Found a shattered altar of Ashenzari.
   921 | D:2      | Became a worshipper of Ashenzari the Shackled
  1072 | D:2      | Reached skill level 4 in Long Blades
  1217 | D:2      | Reached XP level 4. HP: 37/37 MP: 4/4
  1248 | D:2      | Found a faded altar of an unknown god.
  1342 | D:2      | Noticed Terence
  1356 | D:2      | Killed Terence
  1749 | D:3      | Found an iron altar of Okawaru.
  1814 | D:3      | Found a stormy altar of Qazlal.
  1881 | D:3      | Reached XP level 5. HP: 24/45 MP: 5/5
  2452 | D:3      | Found an iron altar of Okawaru.
  2519 | D:3      | Reached skill level 5 in Long Blades
  2580 | D:3      | Found a burning altar of Makhleb.
  2583 | D:3      | Found a bloodstained altar of Trog.
  2750 | D:4      | Found Ymovies's Antique Armour Shoppe.
  2880 | D:4      | Reached XP level 6. HP: 47/52 MP: 6/6
  2955 | D:4      | Found Kiuzoruo's General Store.
  3177 | D:4      | HP: 2/52 [gnoll shaman/+0 club (11)]
  3577 | D:4      | Found Hukun's Lightly-Used Armoury.
  3585 | D:4      | Bought a -3 demon blade for 1 gold piece
  3773 | D:4      | Found Tyth's Book Boutique.
  3800 | D:5      | Entered Level 5 of the Dungeon
  3840 | D:5      | Reached skill level 6 in Long Blades
  3845 | D:5      | Your scales start taking on a lurid green colour.
  3845 | D:5      | Reached XP level 7. HP: 47/60 MP: 7/7
  3845 | D:5      | Gained mutation: Your system is resistant to poisons.
                  | (rPois) [Green Draconian growth]
  3902 | D:5      | Found a glowing drain.
  3914 | Sewer    | Entered a sewer
  4236 | Sewer    | Reached * piety under Ashenzari
  4706 | D:5      | Reached skill level 5 in Fighting
  5032 | D:5      | Reached skill level 7 in Long Blades
  5238 | D:5      | Found a sparkling altar of Nemelex Xobeh.
  5300 | D:5      | Reached skill level 5 in Dodging
  5300 | D:5      | Reached skill level 1 in Evocations
  5462 | D:5      | Reached XP level 8. HP: 64/68 MP: 8/8
  6210 | D:6      | Found Xabepil's Jewellery Shop.
  6219 | D:6      | Bought a +3 amulet of reflection for 188 gold pieces
  6875 | D:7      | Found a staircase to the Ecumenical Temple.
  6883 | D:7      | Reached skill level 8 in Long Blades
  6888 | Temple   | Entered the Ecumenical Temple
  7208 | D:7      | Found a shadowy altar of Dithmenos.
  8034 | D:8      | Reached XP level 9. HP: 64/74 MP: 11/11
  8045 | D:8      | Reached skill level 9 in Long Blades
  8262 | D:8      | Found Nompahad's Antique Weapon Emporium.
  8461 | D:8      | Reached ** piety under Ashenzari
  8464 | D:8      | Found a glowing golden altar of the Shining One.
  8881 | D:9      | Noticed a troll
  9036 | D:9      | Reached skill level 10 in Long Blades
  9038 | D:9      | Reached skill level 5 in Evocations
  9050 | D:9      | Noticed Maurice
  9101 | D:9      | Killed a troll
  9108 | D:9      | Killed Maurice
  9444 | D:9      | Learned a level 3 spell: Mephitic Cloud
  9485 | D:9      | Reached XP level 10. HP: 50/81 MP: 14/14
  9732 | D:9      | Reached skill level 1 in Poison Magic
 10572 | D:9      | Noticed Erolcha
 10579 | D:9      | Killed Erolcha
 10579 | D:9      | Reached skill level 11 in Long Blades
 10656 | D:9      | Noticed Psyche
 10665 | D:9      | Killed Psyche
 11217 | D:9      | Found a staircase to the Orcish Mines.
 11265 | D:9      | Found an opulent altar of Gozag.
 11665 | D:10     | Entered Level 10 of the Dungeon
 11769 | D:10     | Reached skill level 5 in Poison Magic
 11788 | D:10     | Reached XP level 11. HP: 73/86 MP: 16/16
 12111 | D:10     | Found a runed translucent door.
 12111 | D:10     | Found a shimmering altar of Xom.
 12111 | D:10     | Noticed KristoblXynda's ghost (journeyman TrWz)
 12111 | D:10     | Noticed a +1 scimitar of chaos
 13839 | D:11     | Noticed a cyan very ugly thing
 13841 | D:11     | Noticed a deep elf mage
 13885 | D:11     | Found Ytuichy's Distillery.
 13918 | D:11     | Reached skill level 1 in Shields
 13918 | D:11     | Reached skill level 1 in Conjurations
 14023 | D:11     | Killed an unseen horror
 14631 | D:11     | Killed a cyan very ugly thing
 14706 | D:11     | Reached skill level 12 in Long Blades
 15088 | D:11     | Paralysed by a hornet for 3 turns
 15255 | D:11     | Found a staircase to the Lair.
 15312 | D:11     | Killed a deep elf mage
 15687 | D:11     | Reached *** piety under Ashenzari
 16169 | Lair:1   | Entered Level 1 of the Lair of Beasts
 16556 | D:12     | Noticed Nergalle
 16581 | D:12     | Killed Nergalle
 16581 | D:12     | Reached XP level 12. HP: 89/94 MP: 18/18
 17306 | D:13     | Identified the cursed +2 halberd of Feodd {protect, +Rage}
 17704 | D:13     | Noticed a two-headed ogre
 17711 | D:13     | Killed a two-headed ogre
 17711 | D:13     | Reached skill level 5 in Conjurations
 17730 | D:13     | Noticed a tengu warrior
 17730 | D:13     | Noticed a tengu warrior
 17738 | D:13     | Killed a tengu warrior
 17757 | D:13     | Killed a tengu warrior
 17925 | D:13     | Found a gate to the Vaults.
 17928 | D:13     | Noticed Urug
 17963 | D:13     | Paralysed by a floating eye for 4 turns
 17996 | D:13     | Killed Urug
 19051 | D:13     | Reached skill level 13 in Long Blades
 19194 | D:14     | Reached skill level 10 in Evocations
 19379 | D:14     | Noticed a seven-headed hydra
 19383 | D:14     | Noticed a centaur warrior
 19429 | D:14     | Killed a 16-headed hydra
 19429 | D:14     | Reached skill level 1 in Spellcasting
 19441 | D:14     | Killed a centaur warrior
 19441 | D:14     | Reached XP level 13. HP: 38/100 MP: 20/20
 19821 | D:14     | Reached **** piety under Ashenzari
 19836 | D:14     | Noticed Louise
 19849 | D:14     | Killed Louise
 20101 | D:14     | Reached skill level 10 in Dodging
 20657 | D:14     | Noticed Roxanne
 20679 | D:14     | Killed Roxanne
 20725 | D:14     | Learned a level 6 spell: Statue Form
 20776 | D:15     | Entered Level 15 of the Dungeon
 20838 | D:15     | Found a staircase to the Depths.
 21053 | D:15     | Found a frozen archway.
 21091 | IceCv    | Entered an ice cave
 21442 | IceCv    | Reached skill level 1 in Transmutations
 22775 | IceCv    | Found the +6 arbalest "Damnation" {damnation}
 23676 | Lair:1   | Reached skill level 14 in Long Blades
 23885 | Lair:1   | Reached skill level 5 in Spellcasting
 24278 | Lair:1   | Reached skill level 1 in Earth Magic
 24352 | Lair:1   | Found a radiant altar of Vehumet.
 24608 | Lair:2   | Gained mutation: Your tail ends in a poisonous barb. [Green
                  | Draconian growth]
 24608 | Lair:2   | Reached XP level 14. HP: 106/113 MP: 21/21
 24975 | Lair:2   | Found a staircase to the Snake Pit.
 26109 | Snake:1  | Entered Level 1 of the Snake Pit
 26770 | Lair:3   | Found a staircase to the Swamp.
 26937 | Lair:3   | Reached skill level 5 in Shields
 27407 | Lair:4   | Reached ***** piety under Ashenzari
 28362 | Lair:5   | Reached skill level 5 in Transmutations
 29141 | Lair:5   | Found a staircase to the Slime Pits.
 29492 | Lair:6   | Entered Level 6 of the Lair of Beasts
 29859 | Lair:6   | Found a runed translucent door.
 30555 | Lair:6   | Reached skill level 5 in Earth Magic
 31469 | Lair:6   | Reached XP level 15. HP: 113/121 MP: 26/26
 32197 | Lair:6   | Learned a level 3 spell: Tukima's Dance
 32996 | D:15     | Reached skill level 1 in Hexes
 33338 | D:15     | Noticed Nessos
 33360 | D:15     | Killed Nessos
 34274 | D:15     | Identified the ring "Miuratteem" {+Fly rElec rC+ Stlth+}
 35522 | D:15     | Found a stormy altar of Qazlal.
 35743 | Orc:1    | Entered Level 1 of the Orcish Mines
 35874 | Orc:2    | Entered Level 2 of the Orcish Mines
 35874 | Orc:2    | Noticed Snorg
 35911 | Orc:1    | Killed Snorg
 36470 | Orc:2    | Paralysed by an orc sorcerer for 3 turns
 36861 | Orc:1    | Found Kozxeer's Assorted Antiques.
 36894 | Orc:1    | Bought a wavering golden ring for 110 gold pieces
 36894 | Orc:1    | Identified the ring of Jysecras {rC+ MR+} (You bought it in
                  | a shop on level 1 of the Orcish Mines)
 36894 | Orc:1    | Bought a fuming blue potion for 19 gold pieces
 37327 | Orc:2    | Noticed Sonja
 37355 | Orc:2    | Killed Sonja
 37367 | Orc:2    | Found a staircase to the Elven Halls.
 37905 | Orc:2    | Found Wovvafi's Food Boutique.
 38059 | Orc:2    | Found Ylueg's Antique Armour Shop.
 38059 | Orc:2    | Found Gesin's Gadget Boutique.
 38062 | Orc:2    | Found Wucrod's Antique Weapon Shop.
 38187 | Orc:1    | HP: 1/121 [stone giant/large rock (23)]
 38715 | Orc:1    | Bought the +7 mace of Variability {chain chaos} for 1320
                  | gold pieces
 38715 | Orc:1    | Found the +7 mace of Variability {chain chaos}
 38715 | Orc:1    | Bought a potion of curing for 66 gold pieces
 38952 | Depths:1 | Entered Level 1 of the Depths
 38952 | Depths:1 | Found a huge runed gate.
 38952 | Depths:1 | Found a huge runed gate.
 38952 | Depths:1 | Found a huge runed gate.
 38952 | Depths:1 | Found a huge runed gate.
 38952 | Depths:1 | Found a huge runed gate.
 39193 | Elf:1    | Entered Level 1 of the Elven Halls
 41509 | Snake:2  | Noticed Nikola
 41522 | Snake:2  | Killed Nikola
 41522 | Snake:2  | Reached XP level 16. HP: 97/128 MP: 27/29
 41931 | Snake:2  | Reached skill level 5 in Hexes
 42036 | Snake:2  | Reached ****** piety under Ashenzari
 45996 | Snake:3  | Reached skill level 10 in Spellcasting
 46263 | Snake:3  | Killed from afar by a nagaraja

Levels and vault maps discovered:
D:1:      kennysheep_arrival_forest, layout_loops_ring, minmay_tetromino_t2
D:2:      layout_basic, eat_drink_and_be_merry_uskayaw, ashenzari_altar_1,
          serial_forest, infiniplex_forest_lined_room_,
          infiniplex_forest_lined_1, infiniplex_forest_lined_2,
          infiniplex_forest_clump_medium, infiniplex_forest_end_double,
          infiniplex_forest_corner_1, infiniplex_forest_pool,
          infiniplex_forest_clump_large, infiniplex_forest_straight_2,
          chequers_ecumenical_altar_island, guppyfry_early_orc_mine,
          uniq_terence
D:3:      layout_basic, lemuel_coloured_pillars_altar,
          nicolae_overflow_hidden_temple, okawaru_trees_1
D:4:      layout_rooms, serial_undead, serial_undead_c, serial_undead_a,
          serial_undead_d, serial_undead_a, serial_undead_d, serial_undead_e,
          serial_shops, shop, shop, nicolae_shop_trees, minmay_shop_damaged
D:5:      layout_loops_ring, nemelex_xobeh_ov_fountains_minmay,
          cheibrodos_sewer_entry_sluice, first_ration,
          kennysheep_generic_room_13
D:6:      minmay_klotski, layout_cave_pods, serial_shops, shop_statue
D:7:      layout_loops_cross, nicolae_dithmenos_shadow_blocks, temple_green
D:8:      layout_cave_pools, kennysheep_mini, serial_shops, shop
D:9:      minmay_the_grid_square_5x5_3x3 [minmay_the_grid_square_5x5_comb,
          minmay_the_grid_square_5x5_two, minmay_the_grid_square_5x5_forky,
          minmay_the_grid_square_5x5_shrine2,
          minmay_the_grid_square_5x5_megaprize_hollow,
          minmay_the_grid_square_5x5_three_small,
          minmay_the_grid_square_5x5_beaten_path,
          minmay_the_grid_square_5x5_inverted_slash,
          minmay_the_grid_square_5x5_inner_i], layout_basic,
          nicolae_overflow_crystal_walls, david_orc_4, uniq_erolcha,
          uniq_psyche, uniq_maurice
D:10:     layout_irregular_city, ebering_ghost_xom
D:11:     layout_loops_ring, erik_lair_island, serial_shops,
          nicolae_shop_crystal, grunt_livestock, minmay_diamond_spiral
D:12:     layout_long_grid, uniq_nergalle
D:13:     layout_roguey, david_vaults_2, uniq_urug
D:14:     layout_roguey, minmay_misc_feat_secret_circle, uniq_roxanne,
          uniq_louise
D:15:     gammafunk_depths_entry_grave, layout_loops_ring,
          portal_ice_cave_demonic_guard, serial_bayou, serial_bayou_pond_b,
          serial_bayou_crossing, serial_bayou_lagoon_a, serial_bayou_pond_e,
          nicolae_qazlal_eye_of_the_storm, uniq_nessos
Temple:   nicolae_temple_no_exploring_needed
Lair:1:   layout_roguey, basic_altar, chequers_serial_rivers_marsh,
          beast_lair_carwin_3
Lair:2:   layout_roguey, guppyfry_snake_entry_island, pond
Lair:3:   layout_misc_corridors, swamp_mist, beast_lair_carwin_8,
          grunt_megastairs_5
Lair:4:   layout_cave_pods
Lair:5:   statuecave_lemuel, layout_gridlike, minmay_slime_entry_pillars,
          infiniplex_staircase_pool_2, grunt_megastairs_2,
          minmay_lair_oklob_chamber
Lair:6:   wormcave, layout_long_grid, hangedman_lair_tendril_chambers
Snake:1:  layout_chambers
Snake:2:  layout_misc_corridors, uniq_nikola
Snake:3:  minmay_snake_river, layout_concentric_octagons, minmay_shop_grove
Orc:1:    layout_caves, serial_shops, nicolae_shop_overgrown_old_shop
Orc:2:    st_orc_mages, layout_diamond_mine, uniq_snorg, uniq_sonja
Elf:1:    minmay_elf_arrival_summoners, layout_geoelf_octagon, serial_shops,
          shop_statue, gammafunk_ghost_wrathful_warriors, minmay_elf_demonology
Depths:1: layout_cave_shapes, hell_entry, rand_demon_pan_entry_3,
          roderic_roman_lattice, door_vault

Skill      XL: |  1  2  3  4  5  6  7  8  9 10 11 12 13 14 15 16 |
---------------+-------------------------------------------------+-----
Throwing       | 2 |  2.0
Dodging        | 3 4 5 6 7 8 9 10 | 10.1
Long Blades    | 4 5 6 7 8 10 11 12 13 14 | 14.0
Fighting       | 3 4 5 7 8 |  8.1
Evocations     | 1 3 5 7 8 10 | 10.1
Poison Magic   | 5 6 |  6.0
Shields        | 4 6 7 |  7.3
Conjurations   | 4 6 8 |  8.0
Spellcasting   | 1 5 7 9 10 | 10.0
Transmutations | 3 6 9 |  9.9
Earth Magic    | 1 5 8 9 |  9.4
Hexes          | 4 6 |  6.2

Action                   |  1- 3 |  4- 6 |  7- 9 | 10-12 | 13-15 | 16-18 || total
-------------------------+-------+-------+-------+-------+-------+-------++-------
Melee: Long sword        |    69 |   218 |   530 |    84 |       |       ||   901
       Tailslap          |     8 |    47 |    80 |   188 |   428 |    47 ||   798
       Great sword       |       |       |       |   238 |       |       ||   238
       Scimitar          |       |       |       |   598 |  1977 |   370 ||  2945
Throw: Throwing net      |       |       |     1 |       |     1 |       ||     2
 Cast: Mephitic Cloud    |       |       |       |       |    19 |       ||    19
       Tukima's Dance    |       |       |       |       |    17 |    79 ||    96
       Statue Form       |       |       |       |       |       |     3 ||     3
Invok: Curse Item        |       |       |     1 |     1 |     4 |       ||     6
 Abil: Breathe Noxious F |       |       |    18 |    26 |    38 |     1 ||    83
Evoke: Wand              |       |       |     3 |    16 |    26 |     3 ||    48
       Fan of gales      |       |       |       |       |     1 |       ||     1
       Lightning rod     |       |       |       |       |     4 |       ||     4
  Use: Scroll            |       |     7 |    11 |    13 |    15 |     3 ||    49
       Potion            |       |       |     1 |     3 |    10 |     2 ||    16
 Stab: Sleeping          |     2 |     1 |     2 |     1 |    13 |       ||    19
       Paralysed         |       |       |     2 |    42 |    17 |       ||    61
       Confused          |       |       |    14 |    24 |    62 |       ||   100
       Distracted        |       |       |       |     1 |     1 |       ||     2
  Eat: Chunk             |     1 |     4 |    13 |    23 |    20 |       ||    61
       Ration            |       |     2 |     2 |     6 |    18 |     6 ||    34
Armor: Skin              |    19 |    72 |   116 |   203 |   250 |    66 ||   726
Dodge: Dodged            |    62 |   170 |   357 |   540 |   859 |   239 ||  2227
Block: Other             |       |       |    24 |    41 |       |       ||    65
       Reflection        |       |       |       |    14 |    14 |    25 ||    53
       Buckler           |       |       |       |   209 |   680 |   209 ||  1098
       Rpst.: Long sword |    23 |    54 |   109 |     9 |       |       ||   195
       Great sword       |       |       |       |    64 |       |       ||    64
       Scimitar          |       |       |       |    86 |   242 |    43 ||   371

Table legend:
 A = Non-vault XP
 B = Vault XP
 C = Vault XP percentage of total XP
 D = Non-vault monster count
 E = Vault monster count
 F = Vault count percentage of total count
                 A         B        C        D         E       F
            +---------+---------+-------+---------+---------+-------
      Total |  118877 |   64927 |  35.3 |     673 |     258 |  27.7
            +---------+---------+-------+---------+---------+-------
        D:1 |      25 |       6 |  19.4 |      15 |       2 |  11.8
        D:2 |      61 |      53 |  46.5 |      16 |       8 |  33.3
        D:3 |     168 |       0 |   0.0 |      19 |       0 |   0.0
        D:4 |     189 |     107 |  36.1 |      16 |      10 |  38.5
        D:5 |     669 |       5 |   0.7 |      24 |       3 |  11.1
        D:6 |     191 |       0 |   0.0 |      10 |       0 |   0.0
        D:7 |    1029 |       0 |   0.0 |      28 |       0 |   0.0
        D:8 |    1544 |       0 |   0.0 |      33 |       0 |   0.0
        D:9 |    2774 |    3159 |  53.2 |      39 |      27 |  40.9
       D:10 |    3114 |       0 |   0.0 |      54 |       0 |   0.0
       D:11 |    2989 |    4301 |  59.0 |      26 |      18 |  40.9
       D:12 |    2736 |     804 |  22.7 |      28 |       1 |   3.4
       D:13 |    7268 |    1693 |  18.9 |      30 |       4 |  11.8
       D:14 |   12487 |    4294 |  25.6 |      28 |       3 |   9.7
       D:15 |    7061 |    8943 |  55.9 |      30 |      14 |  31.8
     Lair:1 |    6129 |     657 |   9.7 |      26 |       4 |  13.3
     Lair:2 |    4390 |    1002 |  18.6 |      22 |       6 |  21.4
     Lair:3 |    4250 |    1162 |  21.5 |      16 |       8 |  33.3
     Lair:4 |    1960 |       0 |   0.0 |      10 |       0 |   0.0
     Lair:5 |    3331 |    4531 |  57.6 |      14 |      13 |  48.1
     Lair:6 |   10006 |   16377 |  62.1 |      28 |      52 |  65.0
    Snake:1 |   14369 |       0 |   0.0 |      26 |       0 |   0.0
    Snake:2 |   19040 |    3190 |  14.3 |      45 |       1 |   2.2
    Snake:3 |    7520 |    1891 |  20.1 |      16 |       4 |  20.0
      Orc:1 |    3494 |    1369 |  28.2 |      41 |       2 |   4.7
      Orc:2 |    2083 |    6113 |  74.6 |      33 |      37 |  52.9
      Sewer |       0 |     246 | 100.0 |       0 |      19 | 100.0
      IceCv |       0 |    5024 | 100.0 |       0 |      22 | 100.0
            +---------+---------+-------+---------+---------+-------
